 Dungeon Crawl Stone Soup version 0.26.1 (webtiles) character file.

Game seed: 4711255554058945234

2709 Mattiprrivan the Spear-Bearer (level 9, -2/69 HPs)
             Began as a Merfolk Fighter on Feb 5, 2021.
             Was a Believer of Ashenzari.
             Slain by an orc warrior
             ... wielding a +0 glaive
              (11 damage)
             ... on level 7 of the Dungeon.
             The game lasted 01:13:25 (6404 turns).

Mattiprrivan the Spear-Bearer (Merfolk Fighter)     Turns: 6404, Time: 01:13:26

Health: -2/69      AC: 12    Str: 18    XL:     9   Next: 66%
Magic:  9/9        EV: 11    Int: 11    God:    Ashenzari [**....]
Gold:   290        SH: 13    Dex: 15    Spells: 8/8 levels left

rFire    + . .     SeeInvis .   a - +1 trident
rCold    x . .     Faith    .   c - +2 kite shield (curse)
rNeg     + . .     Spirit   .   b - +2 scale mail
rPois    .         Reflect  .   (no helmet)
rElec    .         Harm     .   e - +0 cloak (curse)
rCorr    .         Rampage  .   (no gloves)
Will     .....                  (no boots)
Stlth    ++........             j - amulet of regeneration (curse)
HPRegen  0.61/turn              m - ring of fire
MPRegen  0.11/turn              g - ring of positive energy

@: very slightly contaminated, invisible
A: change form in water, swift swim, stealthy swim, thin metallic scales 1,
clever 2
a: Renounce Religion, Curse Item, Scrying


You were on level 7 of the Dungeon.
You worshipped Ashenzari.
Ashenzari was pleased with you.
You visited 1 branch of the dungeon, and saw 7 of its levels.

You collected 346 gold pieces.
You spent 56 gold pieces at shops.

Inventory:

Hand Weapons
 a - a +1 trident (weapon)
 d - a +0 halberd
Missiles
 f - 8 boomerangs (quivered)
Armour
 b - a +2 scale mail (worn)
 c - a cursed +2 kite shield (worn)
 e - a cursed +0 cloak (worn)
Jewellery
 g - a ring of positive energy (right hand)
 j - a cursed amulet of regeneration (around neck)
 m - a ring of fire (left hand)
Scrolls
 l - 3 scrolls of identify
Potions
 i - a potion of might


   Skills:
 * Level 5.6 Fighting
 * Level 10.3 Polearms
 + Level 2.3 Throwing
 * Level 4.0 Armour
 * Level 5.1 Dodging
 * Level 4.9 Stealth
 * Level 5.8(7.3) Shields
 * Level 3.1 Evocations


You had 8 spell levels left.
You didn't know any spells.
Your spell library was empty.

Dungeon Overview and Level Annotations

Branches:
Dungeon (7/15)             Temple (0/1) D:5

Altars:
Ashenzari
Dithmenos
Fedhas
Hepliaklqana
Okawaru
Qazlal
Ru
Trog
Vehumet
Wu Jian
Xom

Shops:
D:5 !

Annotations:
D:7 Maggie


Innate Abilities, Weirdness & Mutations

You revert to your normal form in water.
You are very nimble and swift while swimming.
You are very stealthy in the water. (Stealth+)
You are partially covered in thin metallic scales. (AC +2)
Your mind is very acute. (Int +4)


Message History

You puncture the worker ant!
You kill the worker ant!
Maggie looks more healthy.
Maggie gestures at the orc warrior while chanting.
Reach: a) +1 trident
Press: ? - help, Dir - move target, f - orc warrior
Aim: an orc warrior, wielding a +0 glaive and wearing a +0 chain mail You catch the helpless orc warrior completely off-guard!
You hit the orc warrior.
The orc warrior is lightly wounded.
There are no items here.
Throw: 8 boomerangs
Press: ? - help, Q - select action, (/) - cycle Shift-Dir - straight line, f/p - orc warrior
Aim: an orc warrior, wielding a +0 glaive and wearing a +0 chain mail (lightly wounded, 58% to hit)
You throw a boomerang.
The boomerang closely misses the orc warrior.
The orc wizard shouts!
You feel a little less mighty now.
The orc warrior hits you from afar with a +0 glaive!
You die...

...(....... , ..(... , ,
..h.((.z....,..(...... ,
, ,
.......z....##(....... .
, ,,, ...........
.($...... .. ,
....<...#####o.o.#.#
...,,
..........#.†.5....#....
,
..^.......).).#.........
#<........)).(#.........
, PPPPPPP......((.@# , ,
....P.P...P.##o###*, *
PPP.P.P.P.P...$.# ,
P.P.P...P...#..... , ,
P.P.P.P.PPP.##B...., , ,
P.....P...P#........, ,


PPP.PP,PPPP *......., * P.P... , ####....* *, , P.P P. , , You could see an orc
warrior, 2 orc wizards and a shadow imp.

Vanquished Creatures
  Duvessa (D:4)
  2 ice beasts
  2 sky beasts
  4 ogres
  A phantom (D:7)
  2 centaurs (D:5)
  The ghost of Burana the Insei, an amateur OpTm (D:3)
  4 bullfrogs
  A water moccasin zombie (D:6)
  A water moccasin skeleton (D:3)
  2 scorpions (D:7)
  Dowan (D:4)
  3 wights (D:7)
  A vampire bat (D:4)
  3 howler monkeys
  2 jellies
  An orc priest (D:6)
  3 iguanas
  4 orc wizards
  Terence (D:3)
  5 worker ants
  2 hound skeletons
  A hound zombie (D:5)
  Robin (D:2)
  3 gnolls (D:2)
  6 adders
  A howler monkey skeleton (D:5)
  A shadow imp (D:5)
  2 white imps (D:5)
  An ufetubus (D:5)
  3 oozes
  2 worms
  2 dart slugs (D:1)
  3 fire bats (D:4)
  9 leopard geckos
  10 orcs
  2 spectral bats (D:4)
  3 bat skeletons (D:4)
  A bat zombie (D:4)
  4 giant cockroaches
  16 goblins
  8 hobgoblins
  6 jackals (D:6)
  3 kobolds
  A quokka (D:3)
  3 ball pythons
  17 bats
  A bat simulacrum (D:4)
  5 frilled lizards
  A quokka zombie (D:3)
  4 rats
167 creatures vanquished.

Vanquished Creatures (others)
  A wight (D:7)
  A worker ant (D:7)
  3 bushes (D:7)
5 creatures vanquished.

Grand Total: 172 creatures vanquished

Notes
Turn   | Place    | Note
-------+----------+-------------------------------------------
     0 | D:1      | Mattiprrivan the Merfolk Fighter began the quest for the
                  | Orb.
     0 | D:1      | Reached XP level 1. HP: 18/18 MP: 1/1
   150 | D:1      | Reached XP level 2. HP: 24/24 MP: 2/2
   740 | D:1      | Reached XP level 3. HP: 29/29 MP: 3/3
   795 | D:1      | Reached skill level 1 in Stealth
   845 | D:1      | Reached skill level 1 in Dodging
  1197 | D:2      | Reached XP level 4. HP: 14/36 MP: 4/4
  1201 | D:2      | Reached skill level 4 in Polearms
  1543 | D:2      | Noticed Robin
  1609 | D:2      | Killed Robin
  1782 | D:2      | Gained mutation: Your mind is acute. (Int +2) [potion of
                  | mutation]
  1782 | D:2      | Gained mutation: You are partially covered in thin metallic
                  | scales. (AC +2) [potion of mutation]
  1782 | D:2      | Gained mutation: Your mind is very acute. (Int +4) [potion
                  | of mutation]
  1842 | D:2      | Reached XP level 5. HP: 41/42 MP: 5/5
  2207 | D:3      | Found a runed translucent gate.
  2208 | D:3      | Found a runed translucent gate.
  2209 | D:3      | Found a runed translucent gate.
  2214 | D:3      | Noticed Burana's ghost (amateur OpTm)
  2245 | D:3      | Killed Burana's ghost
  2246 | D:3      | Reached skill level 5 in Polearms
  2250 | D:3      | Reached XP level 6. HP: 31/48 MP: 6/6
  2397 | D:3      | Found a shadowy altar of Dithmenos.
  2402 | D:3      | Noticed Terence
  2414 | D:3      | Killed Terence
  2647 | D:3      | Reached skill level 6 in Polearms
  3041 | D:3      | Found a faded altar of an unknown god.
  3044 | D:3      | Became a worshipper of Ashenzari the Shackled
  3044 | D:3      | Reached * piety under Ashenzari
  3263 | D:3      | Found a stormy altar of Qazlal.
  3268 | D:3      | Found a bloodstained altar of Trog.
  3268 | D:3      | Found a radiant altar of Vehumet.
  3268 | D:3      | Found a blossoming altar of Fedhas.
  3274 | D:3      | Found an iron altar of Okawaru.
  3279 | D:3      | Found a broken altar of Ashenzari.
  3515 | D:4      | Noticed Duvessa
  3516 | D:4      | Noticed Dowan
  3519 | D:4      | Killed Dowan
  3520 | D:4      | Reached XP level 7. HP: 54/54 MP: 7/7
  3521 | D:4      | Killed Duvessa
  3797 | D:4      | Reached skill level 1 in Evocations
  4071 | D:4      | Reached ** piety under Ashenzari
  4144 | D:4      | Reached skill level 7 in Polearms
  4378 | D:4      | Reached XP level 8. HP: 50/61 MP: 8/8
  4467 | D:5      | Entered Level 5 of the Dungeon
  4571 | D:5      | Found a sacrificial altar of Ru.
  4738 | D:5      | Found a staircase to the Ecumenical Temple.
  4771 | D:5      | Found a hazy altar of Hepliaklqana.
  4772 | D:5      | Found a shimmering altar of Xom.
  4773 | D:5      | Noticed a spectral ugly thing
  4825 | D:5      | Reached skill level 8 in Polearms
  5018 | D:5      | Reached skill level 1 in Throwing
  5028 | D:5      | Reached skill level 5 in Fighting
  5028 | D:5      | Reached skill level 5 in Shields
  5139 | D:5      | Found Meimez's Distillery.
  5231 | D:5      | Bought a potion of might for 56 gold pieces
  5451 | D:6      | Reached skill level 9 in Polearms
  5508 | D:6      | Reached XP level 9. HP: 68/68 MP: 9/9
  5932 | D:6      | Found an ornate altar of the Wu Jian Council.
  6329 | D:7      | Reached skill level 10 in Polearms
  6349 | D:7      | Noticed Maggie
  6383 | D:7      | Reached skill level 5 in Dodging
  6404 | D:7      | Slain by an orc warrior

Illustrated notes

Levels and vault maps discovered:
D:1:      psy_arrival_fountain, layout_basic
D:2:      layout_rooms, uniq_robin
D:3:      layout_basic, minmay_overflow_temple_hex, lemuel_doored_altar,
          chequers_ecumenical_altar_grove, serial_curves, eino_curves_03,
          eino_curves_04, gammafunk_ghost_necromancy, uniq_terence
D:4:      layout_loops_ring, corner_web_ring, goddamned_bats, uniq_duvessa
D:5:      layout_gridville, regret_index_temple_of_mockery,
          minmay_temple_entry_mist, serial_shops, nicolae_shop_crystal,
          hangedman_ru_absence
D:6:      layout_loops_ring, lemuel_crystal_altar
D:7:      layout_cave_pools, minmay_hedge_maze, uniq_maggie, uniq_menkaure

Skill      XL: |  1  2  3  4  5  6  7  8  9 |
---------------+----------------------------+-----
Stealth        | 1 2 3 4 |  4.9
Dodging        | 1 2 3 4 5 |  5.1
Polearms       | 4 5 6 7 9 10 | 10.3
Fighting       | 4 5 |  5.6
Shields        | 4 5 |  5.8
Armour         | 3 4 |  4.0
Evocations     | 1 2 3 |  3.1
Throwing       | 1 2 |  2.3

Action                   |  1- 3 |  4- 6 |  7- 9 || total
-------------------------+-------+-------+-------++-------
Melee: Trident           |   113 |   210 |   368 ||   691
Throw: Dart              |       |     2 |    85 ||    87
       Boomerang         |       |       |     1 ||     1
Invok: Curse Item        |       |       |     3 ||     3
Evoke: Wand              |       |     3 |    15 ||    18
  Use: Scroll            |     6 |     6 |     6 ||    18
       Potion            |     3 |     3 |     6 ||    12
 Stab: Sleeping          |       |       |     3 ||     3
       Paralysed         |       |       |     1 ||     1
       Invisible         |       |       |     7 ||     7
Armor: Scale mail        |    47 |    87 |   130 ||   264
Dodge: Dodged            |    28 |    64 |   106 ||   198
Block: Kite shield       |    45 |    97 |   180 ||   322
